Description

PvP has the reputation of being very cheesy. The thing is though, that - if you have a solid build that you can follow, it can actually turn into a really nice matchup to play! Of course, the best macro build orders are the ones that could potentially just win your games, right? Even better if it's also super safe, and can go toe to toe with the best players!

VOD

https://youtu.be/q4itftOnwA4

Replay - DnS v ShoWTimE: Game 2 - Romanticide LE

Build Order

Get SALT Encoding   

  12  0:00  Probe  
  13  0:12  Probe  
  14  0:17  Pylon  
  14  0:24  Probe (Chrono Boost)  
  15  0:36  Gateway, Probe (Chrono Boost)  
  16  0:44  Probe (Chrono Boost)  
  16  0:45  Assimilator  
  17  0:51  Probe  
  17  0:56  Assimilator  
  18  1:03  Probe (Chrono Boost)  
  19  1:08  Gateway  
  19  1:14  Probe x2 (Chrono Boost)  
  20  1:25  Cybernetics Core  
  21  1:29  Probe  
  22  1:38  Pylon  
  23  2:01  Stalker x2  
  26  2:05  Warp Gate  
  29  2:16  Pylon  
  29  2:30  Stargate  
  29  2:34  Adept  
  31  2:42  Adept  
  32  3:05  Nexus  
  33  3:17  Oracle (Chrono Boost)  
  37  3:27  Pylon  
  38  3:47  Oracle  
  40  4:00  Adept x2  
  42  4:13  Twilight Council  
  44  4:31  Adept x2  
  52  4:43  Blink (Chrono Boost)  
  55  4:54  Stalker  
  58  5:02  Stalker  
  58  5:05  Pylon  
  60  5:19  Stalker  
  56  5:21  Shield Battery  
  56  5:27  Gateway  
  56  5:28  Forge  
  56  5:32  Assimilator  
  58  5:37  Stalker  
  61  5:44  Stalker  
  64  5:59  Protoss Ground Weapons Level 1 (Chrono Boost), Nexus  
  64  6:04  Sentry  
  68  6:11  Stalker  
  68  6:17  Shield Battery  
  71  6:22  Stalker  
  74  6:28  Robotics Facility  
  75  6:39  Charge  
  76  6:40  Stalker  
  80  7:13  Gateway x3  
  82  7:18  Observer  
  82  7:19  Assimilator x3  
  89  7:40  Observer (Chrono Boost)  
  91  7:47  Robotics Bay, Robotics Facility  
  99  7:59  Protoss Ground Weapons Level 2 (Chrono Boost)  
  99  8:08  Nexus  
  102  8:32  Disruptor x2 (Chrono Boost)  
  102  8:34  Shield Battery  
  108  8:47  Shield Battery  
  119  9:06  Disruptor x2 (Chrono Boost)  
  125  9:12  Nexus  
  125  9:22  Nexus  
  136  9:38  Disruptor x2 (Chrono Boost)  
  136  9:45  Photon Cannon  
  142  9:58  Fleet Beacon  
Spawning Tool Build Advisor. Get it on Overwolf

Analysis

With every two gate opening, there will always be the question of what units to get out of them. In the case of this build, we’re getting 2 stalkers first, followed by 2 adepts. Going for sentries would simply cost too much gas to still go for the stargate with a decent timing, and the hallucination scout is not needed with the oracle. The adepts allow us to put some pressure on our opponent as well.

Let’s talk about what we want to look for with our scouting probe that we sent out. The most important thing is checking for the second pylon in their base. If you notice the second pylon missing, while you are already building yours, that pylon WILL be somewhere on the map. Luckily for us, with 2 stalkers and a Stargate, you are safe against most proxies. You just have to make sure that you actually find out, what it is, and react accordingly! Scout around with your 2 stalkers, your already scouting probe and the probe that built the third pylon. With 4 scouting units, you should find it in time!

Transition

Especially on defensive maps, the disruptor transition is really great, as it’s a lot easier to get those magical 4-6 disruptors to be safe. On the way to those disruptors, batteries and your two oracles will help you stay alive against potential allins. As long as the 2 oracles are alive, your opponent is forced to keep Stalkers at home, or really go allin.

Of course, we all make mistakes, so let’s talk about what you should do, if things don’t go that great - You lost your oracles, lost all of your early game units for minimal damage or plainly didn’t pull the build off as nicely as you wanted to. In general, you can follow the build up to right before third base very safely. In the case of an All-in, you just have to make sure that you get enough Static D, aka Batteries, up. Now if you really don’t feel safe, you can delay your third base until after the disruptor transition started. Yes - You might be behind against your opponents third if you missscout, but think about this way - Being behind is much better than being dead. And since you are transitioning to Disruptors, a comeback is always possible.

Go to:

Details

  • Created by: ESChamp    
  • Published on: Apr 11, 2022
  • Patch: 4.11.0
  • Difficulty: Medium
Show
View Real Time Build Order
Export as new Build Order

Comments (0)

There are no comments. Be the first!

Create an account to comment!